 Dungeon Crawl Stone Soup version 0.25-a0-577-ga4619f409e (webtiles) character file.

Game seed: 1583425544388492930, levelgen mode: deterministic

579 kae the Sneak (level 7, 0/46 HPs)
             Began as a Vampire Enchanter on Mar 2, 2020.
             Slain by a gnoll
             ... wielding a +0 flail
              (8 damage)
             ... on level 5 of the Dungeon.
             The game lasted 00:05:07 (4068 turns).

kae the Sneak (Vampire Enchanter)                   Turns: 4068, Time: 00:05:08

Health: 0/46       AC:  2    Str:  9    XL:     7   Next: 13%
Magic:  4/12       EV: 12    Int: 18    God:
Gold:   122        SH:  0    Dex: 14    Spells: 4/13 levels left

rFire    + . .     SeeInvis +   a - +2 dagger
rCold    + . .     Gourm    .   (no shield)
rNeg     . . .     Faith    .   b - +0 robe
rPois    .         Spirit   .   (no helmet)
rElec    .         Reflect  .   (no cloak)
rCorr    .         Harm     .   (no gloves)
MR       .....                  (no boots)
Stlth    +++.......             (no amulet)
HPRegen  0.35/turn              f - ring of protection from cold
MPRegen  0.13/turn              q - ring of protection from fire

@: regenerating quickly
A: no food, fangs 3, see invisible, unbreathing
a: Exsanguinate


You were on level 5 of the Dungeon.
You were alive.

You visited 1 branch of the dungeon, and saw 5 of its levels.

You collected 212 gold pieces.
You spent 90 gold pieces at shops.

Inventory:

Hand Weapons
 a - a +2 dagger (weapon)
Armour
 b - a +0 robe (worn)
Jewellery
 f - a ring of protection from cold (left hand)
 q - a ring of protection from fire (right hand)
Wands
 k - a wand of iceblast (7)
Scrolls
 c - a scroll of fog
 d - 3 scrolls of remove curse
 e - a scroll of identify
 m - a scroll of magic mapping
 r - a scroll of teleportation {unknown}
Potions
 g - a potion of haste
 h - 2 potions of mutation
 i - 3 potions of flight
 j - 2 potions of cancellation
 l - 2 potions of invisibility
 n - 2 potions of curing
 o - a potion of berserk rage {unknown}
 p - 3 potions of stabbing


   Skills:
 * Level 5.3 Short Blades
 - Level 2.1 Dodging
 + Level 6.9 Stealth
 + Level 3.6 Spellcasting
 + Level 6.5 Hexes


You had 4 spell levels left.
You knew the following spells:

 Your Spells              Type           Power        Failure   Level  Hunger
a - Corona                Hex            ####...      1%          1    N/A
b - Ensorcelled Hibernat  Hex/Ice        ###...       6%          2    N/A
c - Confusing Touch       Hex            ####....     3%          3    N/A
d - Tukima's Dance        Hex            ####....     3%          3    N/A

Your spell library contained the following spells:

 Spells                   Type           Power        Failure   Level  Hunger
 Dazzling Flash           Conj/Hex       ###...       12%         3    N/A

Dungeon Overview and Level Annotations

Branches:
Dungeon (5/15)
 Temple: D:4-7

Altars:
Ashenzari
Elyvilon
Xom
Zin

Shops:
D:4 (

Annotations:
D:5 3 runed translucent doors, SamuraiZach's ghost, novice OpAs


Innate Abilities, Weirdness & Mutations

You do not eat.
Your natural rate of healing is unusually fast.
You have razor-sharp teeth.
You have supernaturally acute eyesight. (SInv)
You can survive without breathing.


Message History

The gnoll shaman barely misses you.
Casting: Ensorcelled Hibernation (safe; 6% risk of failure)
Confirm with . or Enter, or press ? or * to list all spells.
You don't have enough magic to cast that spell.
The gnoll shaman calls upon its god to speed up something.
Things that are here:
a cursed -1 dagger; a +0 robe
Things that are here:
a +0 hand axe; a short sword The gnoll shaman mumbles some strange prayers to its god against you.
You easily resist.
The gnoll barely misses you.
The gnoll hits you from afar with a +0 halberd!
Your magical contamination has completely faded away.
The gnoll closely misses you.
The gnoll hits you from afar with a +0 halberd!
* * * LOW HITPOINT WARNING * * *
The gnoll is no longer moving quickly.
The gnoll closely misses you. The gnoll hits you with a +0 flail!
You die...

...#
#..........
...##
#....########
....#
#............
..#.#
#.........####
..#'##
#..#..g.......
.....#
#..#.......#
†....#
#..#..g....#
...).##
#..#..g....#
..##..#
#..+...@...#
..###)#
#..#.......#
### #.##
#..#######.###
#..#
#.......##
######.#
#.###.#..#
.......##
#........##
....g...#
#.#..###..#
.....g..#
..#.##⌠##.#
.........#
.....#_#..#


You could see a gnoll shaman and 2 gnolls.

Vanquished Creatures
  A phantom (D:5)
  An ogre (D:4)
  A crimson imp (D:3)
  An orc priest (D:5)
  A hound (D:4)
  2 orc wizards (D:5)
  A worker ant (D:4)
  A hound skeleton (D:4)
  7 adders
  6 gnolls
  A shadow imp (D:5)
  3 oozes
  5 worms
  A leopard gecko (D:1)
  3 orcs (D:5)
  4 bats
  A giant cockroach (D:4)
  4 goblins
  6 hobgoblins
  14 jackals
  3 kobolds
  3 quokkas
  3 frilled lizards
  4 rats
77 creatures vanquished.

Notes
Turn   | Place    | Note
-------+----------+-------------------------------------------
     0 | D:1      | kae the Vampire Enchanter began the quest for the Orb.
     0 | D:1      | Reached XP level 1. HP: 13/13 MP: 3/3
   209 | D:1      | Reached XP level 2. HP: 19/19 MP: 5/5
   409 | D:1      | Learned a level 2 spell: Ensorcelled Hibernation
   631 | D:1      | Reached XP level 3. HP: 16/24 MP: 3/6
  1006 | D:2      | Reached skill level 5 in Stealth
  1261 | D:2      | Found a shattered altar of Ashenzari.
  1298 | D:2      | Found a faded altar of an unknown god.
  1469 | D:2      | Reached skill level 5 in Hexes
  1629 | D:3      | Reached XP level 4. HP: 30/30 MP: 7/7
  2534 | D:4      | Found a white marble altar of Elyvilon.
  2547 | D:4      | Reached XP level 5. HP: 30/35 MP: 9/9
  2879 | D:4      | Found Mijoi's Weapon Boutique.
  2897 | D:4      | Noticed an ogre
  3446 | D:4      | Killed an ogre
  3446 | D:4      | Reached XP level 6. HP: 32/41 MP: 1/10
  3642 | D:5      | Entered Level 5 of the Dungeon
  3659 | D:5      | Found Zin's Purification Station.
  3661 | D:5      | Found a glowing silver altar of Zin.
  3666 | D:5      | Bought a potion of curing for 90 gold pieces
  3700 | D:5      | Found a runed translucent gate.
  3700 | D:5      | Found a runed translucent gate.
  3700 | D:5      | Found a runed translucent gate.
  3700 | D:5      | Noticed SamuraiZach's ghost (novice OpAs)
  3828 | D:5      | Learned a level 3 spell: Confusing Touch
  3832 | D:5      | Learned a level 3 spell: Tukima's Dance
  3870 | D:5      | Reached skill level 5 in Short Blades
  3870 | D:5      | Reached XP level 7. HP: 37/46 MP: 9/12
  3891 | D:5      | Found a shimmering altar of Xom.
  4068 | D:5      | Slain by a gnoll

Levels and vault maps discovered:
D:1:      minmay_arrival_radiant_lines, layout_basic, minmay_pentomino_w4
D:2:      layout_rooms, marbit_many_paths, chequers_ecumenical_altar_simple
D:3:      layout_basic, first_ration
D:4:      layout_basic, nicolae_overflow_crystal_walls, serial_shops, shop
D:5:      layout_basic, fiery_altar_vehumet, lemuel_doored_altar, zin_purify,
          minmay_temple_entry_butterflies, ebering_ghost_rock_garden

Skill      XL: |  1  2  3  4  5  6 |
---------------+-------------------+-----
Short Blades   | 2 3 4 5 |  5.3
Stealth        | 5 6 |  6.9
Hexes          | 5 6 |  6.5
Spellcasting   | 3 |  3.6
Dodging        | |  2.1

Action                   |  1- 3 |  4- 6 |  7- 9 || total
-------------------------+-------+-------+-------++-------
Melee: Dagger            |   153 |   155 |     6 ||   314
       Bite              |    11 |    10 |       ||    21
 Cast: Corona            |     3 |       |       ||     3
       Ensorcelled Hiber |    10 |    28 |    12 ||    50
       Confusing Touch   |       |     1 |       ||     1
  Use: Scroll            |     8 |     5 |       ||    13
       Potion            |     5 |       |       ||     5
 Stab: Sleeping          |     8 |    20 |     5 ||    33
       Invisible         |     2 |       |       ||     2
       Confused          |       |     2 |       ||     2
Armor: Robe              |    23 |    10 |       ||    33
Dodge: Dodged            |   113 |    83 |    13 ||   209

Table legend:
 A = Non-vault XP
 B = Vault XP
 C = Vault XP percentage of total XP
 D = Non-vault monster count
 E = Vault monster count
 F = Vault count percentage of total count
                 A         B        C        D         E       F
            +---------+---------+-------+---------+---------+-------
      Total |     802 |      26 |   3.1 |      69 |       8 |  10.4
            +---------+---------+-------+---------+---------+-------
        D:1 |      24 |      24 |  50.0 |      13 |       7 |  35.0
        D:2 |      44 |       2 |   4.3 |      12 |       1 |   7.7
        D:3 |     100 |       0 |   0.0 |      17 |       0 |   0.0
        D:4 |     280 |       0 |   0.0 |      11 |       0 |   0.0
        D:5 |     354 |       0 |   0.0 |      16 |       0 |   0.0
            +---------+---------+-------+---------+---------+-------
